 Dungeon Crawl Stone Soup version 0.29-a0-341-g24ffce5b50 (webtiles) character file.

Game seed: 1569893459872650130

1444 spaghetti the Grappler (level 8, -3/62 HPs)
             Began as a Demigod Fighter on Apr 20, 2022.
             Slain by Menkaure (20 damage)
             ... on level 5 of the Dungeon.
             The game lasted 00:07:20 (6438 turns).

spaghetti the Grappler (Demigod Fighter)            Turns: 6438, Time: 00:07:21

Health: -3/62      AC:  6    Str: 25    XL:     8   Next: 22%
Magic:  10/10      EV: 13    Int: 10    God:
Gold:   270        SH:  5    Dex: 15    Spells: 7/7 levels left

rFire   . . .      SeeInvis .     - Unarmed
rCold   . . .      Faith    .   b - +0 buckler
rNeg    . . .      Spirit   .   E - +0 scale mail
rPois   .          Reflect  .   (no helmet)
rElec   .          Harm     .   (no cloak)
rCorr   .          Rampage  .   (no gloves)
Will    .....                   (no boots)
Stlth   ..........              (no amulet)
HPRegen 0.20/turn               x - ring of wizardry
MPRegen 0.12/turn               A - +4 ring of evasion

@: invisible
A: high MP 1, forlorn, divine attributes, agile 1, evolution 1, subdued magic 1,
MP-powered wands
a: no special abilities


You were on level 5 of the Dungeon.
You visited 1 branch of the dungeon, and saw 5 of its levels.
You also visited: Sewer.

You collected 270 gold pieces.


Innate Abilities, Weirdness & Mutations

You have an increased reservoir of magic. (+10% MP)
You shall have no god before yourself.
Your divine heritage dramatically boosts your attributes as you level up.
You are agile. (Dex +2)
You have hidden genetic potential.
Your spells are a little easier to cast, but a little less powerful.
You expend magic power (3 MP) to strengthen your wands.


   Skills:
 - Level 2.6 Fighting
 - Level 2.6 Armour
 - Level 2.6 Shields
 + Level 9.8 Unarmed Combat


You had 7 spell levels left.
You didn't know any spells.
Your spell library contained the following spells:

 Spells                   Type           Power      Damage    Failure   Level
 Sandblast                Erth           0%         2d4       38%         1
 Sting                    Tmut/Pois      0%         1d3       38%         1
 Passwall                 Tmut/Erth      0%         N/A       52%         2
 Poisonous Vapours        Pois/Air       0%         N/A       52%         2
 Stone Arrow              Conj/Erth      0%         3d7       77%         3
 Olgreb's Toxic Radiance  Pois           0%         N/A       98%         4

Inventory:

Hand Weapons
 a - a +0 hunting sling {sling}
   (You found it on level 5 of the Dungeon)
 e - a +0 dagger {short}
   (You took it off a kobold on level 1 of the Dungeon)
 h - a +0 whip of freezing {mace}
   (You found it on level 1 of the Dungeon)
 i - a +0 whip {mace}
   (You found it on level 1 of the Dungeon)
 j - a +0 dagger {short}
   (You took it off a goblin on level 1 of the Dungeon)
 k - a +0 club {mace}
   (You took it off a goblin on level 1 of the Dungeon)
 l - a +0 whip {mace}
   (You took it off a kobold on level 1 of the Dungeon)
 n - a +0 club {mace}
   (You took it off a goblin on level 1 of the Dungeon)
 o - a +0 dagger {short}
   (You found it on level 1 of the Dungeon)
 p - a +0 dagger {short}
   (You took it off a kobold on level 1 of the Dungeon)
 y - a +2 dagger of distortion {!wshort}
   (You took it off a kobold in a sewer)
Missiles
 c - 2 curare-tipped darts {=fthrowing}
 f - 111 stones (quivered) {throwing}
 q - 3 boomerangs {throwing}
Armour
 b - a +0 buckler (worn)
 E - a +0 scale mail (worn)
Jewellery
 r - an amulet of faith {!P}
   (You found it on level 2 of the Dungeon)
 x - a ring of wizardry (left hand)
   (You found it on level 5 of the Dungeon)
 A - a +4 ring of evasion (right hand)
   (You found it on level 5 of the Dungeon)
 B - a ring of resist corrosion
   (You found it on level 5 of the Dungeon)
Wands
 t - a wand of digging (3)
   (You found it on level 5 of the Dungeon)
Scrolls
 d - 2 scrolls of silence {unknown}
 g - 5 scrolls of teleportation {unknown}
 m - 5 scrolls of identify {unknown}
 s - 3 scrolls of fear {unknown}
 v - a scroll of noise {unknown}
 w - a scroll of enchant armour {unknown}
 z - a scroll of blinking {unknown}
 D - a scroll of magic mapping {unknown}
Potions
 C - a potion of magic

Dungeon Overview and Level Annotations

Branches:
Dungeon (5/15)              Sewer (visited)
 Temple: D:4-7

Annotations:
D:5 3 runed translucent doors, Lemondrips's ghost, novice SpEE; Menkaure; snetch's ghost, novice MiBe

#..........###.#######
##.........###+#### #
#.#####......^...# #
#.# #..........# ##
#.#####..........# #.
#.....[..........# #.
#.......########## #.
#.......# #. #.?o@...#
#. #....M..# #.
#)......# #. #.......#
#. #.......# #.
#......## ## #......#
# #......#


You could see Menkaure (fast) and an orc (can't see you).


Message History

You punch the ogre! You hit the ogre. The ogre barely misses you.
You punch the ogre! You barely miss the ogre.
The ogre hits you with a +0 giant club! 😕 HP[-13]
You take 13 damage, and now have 49/62 hp.
MASSIVE DAMAGE!! (PAUSE)
You completely miss the ogre. The ogre closely misses you.
You punch the ogre!
You kill the ogre! 😕 HP[+1]
You see here a +0 hunting sling {sling}. 😕 HP[+1]
E - a +0 hunting sling {sling} Adjust to which letter? (? for menu, Esc to quit)
a - a +0 hunting sling {sling};
E - a +0 scale mail (worn)
Unknown command.
a - a +0 hunting sling (weapon)
{sling} You are now empty-handed.
Key pressed, stopping explore.
Things that are here:
a +0 giant club {mace}; an ogre corpse; 😎 HP[+11]
Your hp is fully restored (62).
a - a +0 hunting sling (weapon)
{sling} An iguana comes into view.
The iguana hisses angrily.
An iguana is nearby!
An iguana is nearby!
An iguana is nearby!
You shoot a sling bullet. The sling bullet hits the iguana.
You shoot a sling bullet. The sling bullet hits the iguana.
You shoot a sling bullet. The sling bullet hits the iguana.
You shoot a sling bullet.
The sling bullet hits the iguana but does no damage.
The iguana bites you! You block the iguana's attack. 😕 HP[-9]
You take 9 damage, and now have 53/62 hp.
You are too injured to fight recklessly!
You are too injured to fight recklessly!
You are too injured to fight recklessly!
You are too injured to fight recklessly!
You are too injured to fight recklessly!
You are too injured to fight recklessly!
You are too injured to fight recklessly!
You are too injured to fight recklessly!
You are too injured to fight recklessly!
You are too injured to fight recklessly!
You are too injured to fight recklessly!
You are too injured to fight recklessly!
You are too injured to fight recklessly!
You are now empty-handed.
You closely miss the iguana. The iguana bites you. 😕 HP[-6]
You take 6 damage, and now have 47/62 hp.
You punch the iguana! The iguana bites you. 😮 HP[-3]
You take 3 damage, and now have 44/62 hp.
You closely miss the iguana. The iguana closely misses you.
You hit the iguana.
You kill the iguana!
a - a +0 hunting sling (weapon)
{sling} Key pressed, stopping explore.
Menkaure and an orc come into view.
Menkaure shouts!
The orc shouts! 😎 HP[+18]
Your hp is fully restored (62).
You shoot a sling bullet. The sling bullet hits Menkaure.
You shoot a sling bullet.
The sling bullet barely misses Menkaure.
You shoot a sling bullet. The sling bullet barely misses the orc.
Menkaure mumbles some strange words.
Menkaure seems to speed up.
You shoot a sling bullet. The sling bullet hits the orc.
The orc hits you but does no damage.
Menkaure calls on the powers of darkness!
The orc convulses!
Your body is wracked with pain!
The orc misses you. 😮 HP[-30]
You take 30 damage, and now have 32/62 hp.
MASSIVE DAMAGE!! (PAUSE) Unknown command.
You are now empty-handed.
You punch Menkaure! The orc hits you with a +0 club.
* * * LOW HITPOINT WARNING * * *
Menkaure calls on the powers of darkness!
The orc convulses!
Your body is wracked with pain!
* * * LOW HITPOINT WARNING * * *
😨 HP[-16]
You take 16 damage, and now have 16/62 hp.
MASSIVE DAMAGE!! (PAUSE)
You fade into invisibility!
You block the orc's attack.
You block Menkaure's attack. 😨 HP[+1] Unknown command.
Unknown command.
You catch the helpless orc completely off-guard!
You hit the orc. Menkaure hits you!!
You die...

Skill      XL: |  1  2  3  4  5  6  7 |
---------------+----------------------+-----
Unarmed Combat | 2 3 4 5 6 8 9 |  9.8
Fighting       | |  2.6
Armour         | |  2.6
Shields        | |  2.6

Action                   |  1- 3 |  4- 6 |  7- 9 || total
-------------------------+-------+-------+-------++-------
Melee: Unarmed           |   194 |   187 |    70 ||   451
 Fire: Hunting sling     |       |       |     8 ||     8
Throw: Stone             |       |     4 |       ||     4
Evoke: Wand              |     3 |    10 |       ||    13
  Use: Potion            |     3 |     3 |     3 ||     9
       Scroll            |       |     1 |       ||     1
 Stab: Invisible         |       |     1 |     1 ||     2
Armor: Scale mail        |    67 |    57 |    12 ||   136
Dodge: Dodged            |    65 |    68 |    37 ||   170
Block: Buckler           |    29 |    42 |    14 ||    85

Levels and vault maps discovered:
D:1:      giann_wishing_wells, layout_basic, dreamdust_ecumenical_altar_grove
D:2:      layout_basic, serial_glass, glass_columns_c, glass_columns_a,
          glass_columns_c, hangedman_decor_push
D:3:      layout_loops_corners, gup_sewer_entry_bowl, minmay_misc_feat_square
D:4:      layout_rooms, minmay_temple_entry_butterflies, uniq_pikel,
          uniq_duvessa
D:5:      layout_basic, gammafunk_ghost_cemetery, chequers_mini_garden,
          uniq_menkaure

Notes
Turn   | Place    | Note
-------+----------+-------------------------------------------
     0 | D:1      | spaghetti the Demigod Fighter began the quest for the Orb.
     0 | D:1      | Reached XP level 1. HP: 18/18 MP: 3/3
     0 | D:1      | magus.rc [v1.9.6]
    61 | D:1      | Reached skill level 2 in Unarmed Combat
   522 | D:1      | Reached XP level 2. HP: 22/25 MP: 4/4
  1352 | D:1      | Reached skill level 3 in Unarmed Combat
  1540 | D:2      | You pick up a book of Geomancy and begin reading...
  1540 | D:2      | You add the spells Sandblast, Passwall and Stone Arrow to
                  | your library.
  1759 | D:2      | Reached XP level 3. HP: 30/30 MP: 5/5
  2073 | D:3      | Found a glowing drain.
  2077 | Sewer    | Entered a sewer
  2269 | Sewer    | HP: 1/30 [worm (7)]
  2271 | Sewer    | Reached skill level 4 in Unarmed Combat
  2561 | Sewer    | Noticed a kobold brigand
  2561 | Sewer    | Noticed a kobold brigand
  2575 | Sewer    | Gained mutation: You are partially covered in iridescent
                  | scales. (AC +2) [potion of mutation]
  2575 | Sewer    | Gained mutation: You are resistant to electric shocks.
                  | (rElec) [potion of mutation]
  2582 | Sewer    | Killed a kobold brigand
  2583 | Sewer    | Reached XP level 4. HP: 15/37 MP: 6/6
  2585 | Sewer    | Killed a kobold brigand
  2586 | Sewer    | Reached skill level 5 in Unarmed Combat
  2586 | Sewer    | Reached XP level 5. HP: 18/42 MP: 7/7
  3851 | D:3      | You add the spells Sting, Poisonous Vapours and Olgreb's
                  | Toxic Radiance to your library.
  3994 | D:3      | Lost mutation: You are partially covered in iridescent
                  | scales. (AC +2) [potion of mutation]
  3994 | D:3      | Lost mutation: You are resistant to electric shocks.
                  | (rElec) [potion of mutation]
  3994 | D:3      | Gained mutation: You are agile. (Dex +2) [potion of
                  | mutation]
  3994 | D:3      | Gained mutation: Your spells are a little easier to cast,
                  | but a little less powerful. [potion of mutation]
  3994 | D:3      | Gained mutation: You have hidden genetic potential. [potion
                  | of mutation]
  4594 | D:3      | Reached skill level 6 in Unarmed Combat
  4596 | D:3      | HP: 5/42 [orc priest/divine providence (9)]
  4598 | D:3      | Reached XP level 6. HP: 6/50 MP: 8/8
  5025 | D:4      | Noticed Pikel
  5044 | D:4      | HP: 12/50 [Pikel/+2 whip of flaming (3)]
  5047 | D:4      | HP: 4/50 [Pikel/+2 whip of flaming (8)]
  5047 | D:4      | HP: 1/50 [Pikel/+2 whip of flaming (3)]
  5048 | D:4      | Killed Pikel
  5049 | D:4      | Reached skill level 8 in Unarmed Combat
  5049 | D:4      | Reached XP level 7. HP: 2/56 MP: 9/9
  5052 | D:4      | Gained mutation: You expend magic power (3 MP) to
                  | strengthen your wands. [hidden potential]
  5158 | D:5      | Entered Level 5 of the Dungeon
  5611 | D:5      | Reached skill level 9 in Unarmed Combat
  5913 | D:5      | Reached XP level 8. HP: 54/62 MP: 10/10
  6012 | D:5      | Found a runed translucent gate.
  6012 | D:5      | Found a runed translucent gate.
  6012 | D:5      | Found a runed translucent gate.
  6013 | D:5      | Noticed Lemondrips's ghost (novice SpEE)
  6015 | D:5      | Noticed snetch's ghost (novice MiBe)
  6430 | D:5      | Noticed Menkaure
  6438 | D:5      | Slain by Menkaure

Vanquished Creatures
  Pikel (D:4)
  A water moccasin (D:5)
  2 ogres (D:5)
  A lemure (D:4)
  2 kobold brigands (Sewer)
  2 scorpions (D:5)
  A howler monkey (D:5)
  A hound (D:5)
  2 jellies (D:5)
  2 orc priests (D:3)
  An iguana (D:5)
  An orc wizard (D:3)
  8 adders
  3 river rats (Sewer)
  An ufetubus (D:5)
  3 worms
  An orc (D:3)
  10 ball pythons
  2 bats (D:1)
  12 endoplasms
  4 giant cockroaches
  3 hobgoblins (D:1)
  3 quokkas
  A frilled lizard (D:2)
  6 goblins
  15 kobolds
  9 rats
98 creatures vanquished.

Vanquished Creatures (others)
  6 withered plants (D:5)
6 creatures vanquished.

Grand Total: 104 creatures vanquished

Table legend:
 A = Non-vault XP
 B = Vault XP
 C = Vault XP percentage of total XP
 D = Non-vault monster count
 E = Vault monster count
 F = Vault count percentage of total count
                 A         B        C        D         E       F
            +---------+---------+-------+---------+---------+-------
      Total |    1049 |    1014 |  49.2 |      67 |      30 |  30.9
            +---------+---------+-------+---------+---------+-------
        D:1 |      31 |       0 |   0.0 |      19 |       0 |   0.0
        D:2 |      40 |       0 |   0.0 |      17 |       0 |   0.0
        D:3 |     141 |       2 |   1.4 |      13 |       1 |   7.1
        D:4 |      19 |     697 |  97.3 |       4 |       1 |  20.0
        D:5 |     818 |       0 |   0.0 |      14 |       0 |   0.0
      Sewer |       0 |     315 | 100.0 |       0 |      28 | 100.0
            +---------+---------+-------+---------+---------+-------

Illustrated notes

Table legend:
 A = Kills in this place as a percentage of kills in entire the game.
 B = Kills by you in this place as a percentage of kills by you in the entire game.
 C = Kills by friends in this place as a percentage of kills by friends in the entire game.
 D = Other kills in this place as a percentage of other kills in the entire game.
 E = Experience gained in this place as a percentage of experience gained in the entire game.
 F = Experience gained in this place divided by the number of levels of this place that you have seen.
                   A       B       C       D       E      F
               +-------+-------+-------+-------+-------+----------------------
         Total | 100.0 | 100.0 |   N/A |   N/A | 100.0 | 343.8
       Dungeon |  71.1 |  71.1 |   N/A |   N/A |  84.7 | 349.6
         Sewer |  28.9 |  28.9 |   N/A |   N/A |  15.3 | 315.0
               +-------+-------+-------+-------+-------+----------------------

Table legend: (Time is in decaauts)
 A = Elapsed time spent in this place.
 B = Non-inter-level travel time spent in this place.
 C = Inter-level travel time spent in this place.
 D = Time resting spent in this place.
 E = Time spent auto-exploring this place.
 F = Levels seen in this place.
 G = Mean time per level.
                   A        B        C        D        E       F      G
               +--------+--------+--------+--------+--------+-----+--------+
         Total |   6585 |   6524 |     61 |   1119 |   4499 |   6 | 1097.5 |
       Dungeon |   4789 |   4728 |     61 |    660 |   3467 |   5 |  957.8 |
         Sewer |   1796 |   1796 |      0 |    459 |   1032 |   1 | 1796.0 |
               +--------+--------+--------+--------+--------+-----+--------+

Top non-repeatable levels by time:
   Sewer: 1796 daAuts
     D:1: 1369 daAuts
     D:3: 1302 daAuts
     D:5: 1286 daAuts
     D:2: 601 daAuts
     D:4: 229 daAuts
